 Dungeon Crawl Stone Soup version 0.21.1-1-g345015f (webtiles) character file.

16537 LairdRich the Cleaver (level 12, -6/110 HPs)
             Began as a Minotaur Berserker on June 10, 2018.
             Was a High Priest of Trog.
             Killed by divine providence
             ... invoked by an orc high priest
              (10 damage)
             ... on level 2 of the Orcish Mines on June 11, 2018.
             The game lasted 01:24:31 (14035 turns).

LairdRich the Cleaver (Minotaur Berserker)         Turns: 14035, Time: 01:24:32

Health: -6/110     AC: 25    Str: 23    XL:     12   Next: 10%
Magic:  2/2        EV: 15    Int:  4    God:    Trog [*****.]
Gold:   748        SH:  0    Dex: 21    Spells: 11/11 levels left

rFire    + . .     SeeInvis .   g - +0 broad axe
rCold    . . .     Gourm    .   (no shield)
rNeg     . . .     Faith    .   l - +4 chain mail {rPois}
rPois    +         Spirit   .   (helmet restricted)
rElec    .         Reflect  .   (no cloak)
rCorr    .         Harm     +   a - +5 pair of gloves of Shadows and Fog {MP-9 Dex+7}
MR       .....                  u - +2 pair of boots
Stlth    ..........             C - amulet of harm
HPRegen  0.28/turn              j - ring of protection from fire
MPRegen  0.08/turn              (no ring)

@: berserk cooldown, slowed, drained, very slow
A: retaliatory headbutt, horns 2, blurry vision 1
a: Berserk, Trog's Hand, Brothers in Arms, Burn Spellbooks, Renounce Religion


You were on level 2 of the Orcish Mines.
You worshipped Trog.
Trog was extremely pleased with you.
You were very hungry.

You visited 3 branches of the dungeon, and saw 13 of its levels.
You also visited: Ossuary.

You collected 1075 gold pieces.
You spent 327 gold pieces at shops.

Inventory:

Hand Weapons
 g - a +0 broad axe (weapon)
 p - a +6 arbalest of velocity
 G - a +1 antimagic war axe
Missiles
 w - 41 bolts
Armour
 a - the +5 pair of gloves of Shadows and Fog (worn) {MP-9 Dex+7}
   (You bought it in a shop on level 10 of the Dungeon)

   It affects your dexterity (+7).
   It affects your magic capacity (-9).
 l - a +4 chain mail of poison resistance (worn)
 u - a +2 pair of boots (worn)
Jewellery
 j - a ring of protection from fire (left hand)
 C - an amulet of harm (around neck)
Wands
 t - a wand of iceblast (12)
 H - a wand of flame (25)
 I - a wand of enslavement (14)
Scrolls
 d - a scroll of blinking
 i - 2 scrolls of remove curse
 r - 3 scrolls of fog
 y - a scroll of teleportation
 z - a scroll of enchant weapon {unknown}
 B - a scroll of magic mapping
 F - a scroll of fear
Potions
 e - 3 potions of heal wounds
 f - 7 potions of curing
 h - a potion of agility
 m - a potion of mutation {unknown}
 n - a potion of might {unknown}
 o - 6 potions of flight {unknown}
 q - 2 potions of degeneration {unknown}
 s - a potion of cancellation {unknown}
 v - 2 potions of lignification {unknown}
 x - a potion of brilliance {unknown}
 A - a potion of resistance {unknown}
 E - 2 potions of haste
Comestibles
 c - 21 rations
 K - 2 chunks of flesh


   Skills:
 + Level 11.1(10.6) Fighting
 * Level 14.8(14.2) Axes
 + Level 10.9(10.3) Armour
 + Level 10.0(9.5) Dodging


You had 11 spell levels left.
You didn't know any spells.

Dungeon Overview and Level Annotations

Branches:
Dungeon (10/15)            Temple (1/1) D:6            Lair (0/6) D:10
    Orc (2/2) D:10            Elf (0/3) Orc:2

Altars:
Ashenzari
Cheibriados
Dithmenos
Elyvilon
Fedhas
Gozag
Hepliaklqana
Kikubaaqudgha
Makhleb
Nemelex Xobeh
Okawaru
Qazlal
Ru
Sif Muna
Trog
Uskayaw
Vehumet
Wu Jian
Xom
Yredelemnul
Zin
The Shining One

Shops:
D:7 !   D:10 [


Innate Abilities, Weirdness & Mutations

You reflexively headbutt those who attack you in melee.
You have a pair of horns on your head.
Scrolls take you a little longer to read.


Message History

Beogh smites you!
* * * LOW HITPOINT WARNING * * *
The ice devil hits you but does no damage.
The ufetubus closely misses you. You furiously retaliate!
You headbutt the ufetubus!
You kill the ufetubus!
The ice devil disappears in a puff of smoke!
The orange demon closely misses you.
Items here: )) [[ a robe; a dagger; a plate armour; an enchanted long sword The ynoxinul gestures.
The sun demon completely misses you. The orange demon closely misses you.
The soul eater draws from the surrounding life force!
* * * LOW HITPOINT WARNING * * *
The sun demon hits you but does no damage.
The orange demon barely misses you.
You see here a robe.
The orc high priest calls down the wrath of Beogh upon you.
Beogh smites you!
You die...

#.#..(#........###<#
#.(.(##.........#..##
#.#.................# ...
#......[...........## §..§
#...................# ....
#...................#
#''######..55...............#
.............3o).[.........##
..........5o3o[o@..........#
..........3544.3[...........#
....[>...555#(4.[#..........#
............4...............#
.....4.....35(..............#
...........(................#
...............#............#
.........[..................#
..........................


You could see a soul eater, 2 orc high priests, a sun demon, 2 orange demons, 3
ynoxinuls, a chaos spawn, 2 orc sorcerers, a red devil and 8 ufetubi.

Vanquished Creatures
  A stone giant (Orc:1)
  A two-headed ogre (D:9)
  An orc high priest (Orc:2)
  Urug (D:10)
  The ghost of teukkam the Grappler, a novice TrMo of Uskayaw (D:6)
  An unseen horror (D:10)
  An orc sorcerer (Orc:2)
  7 orc knights
  2 trolls
  3 wraiths (D:9)
  A human (D:7)
  4 hogs (D:7)
  Eustachio (D:4)
  2 hungry ghosts
  3 wargs (D:10)
  The ghost of kalagan the Caller, an amateur DESu (D:4)
  2 sky beasts
  15 orc warriors
  3 phantoms
  A necrophage (D:9)
  2 black bears
  5 ogres
  6 centaurs
  Blork the orc (D:3)
  7 bullfrogs
  A gnoll sergeant (D:8)
  A water moccasin zombie (D:8)
  A wyvern skeleton (D:10)
  A scorpion (D:5)
  5 killer bees (D:9)
  10 wights
  4 crimson imps
  3 bullfrog zombies
  2 centaur zombies (D:10)
  6 hounds
  5 jellies
  2 human zombies (D:9)
  A centaur skeleton (D:10)
  17 orc priests
  An iron imp (Orc:2)
  14 orc wizards
  Terence (D:3)
  A gnoll shaman (D:7)
  2 iguanas
  11 worker ants
  An ogre zombie (D:9)
  A big kobold zombie (Ossuary)
  A hound zombie (D:5)
  12 mummies
  11 gnolls
  A worker ant zombie (D:5)
  9 adders
  3 shadow imps
  2 oozes
  An adder skeleton (D:9)
  3 worms
  2 dart slugs
  A leopard gecko (D:4)
  55 orcs
  8 bats
  5 giant cockroaches
  9 goblins
  4 hobgoblins
  12 jackals
  5 quokkas
  4 frilled lizards
  2 gnoll zombies (Ossuary)
  A hobgoblin zombie (Ossuary)
  A jackal skeleton (D:5)
  6 kobolds
  3 kobold zombies (Ossuary)
  3 leopard gecko skeletons (D:4)
  An orc zombie (Ossuary)
  8 rats
337 creatures vanquished.

Vanquished Creatures (others)
  2 orc wizards (Orc:2)
  An orc (Orc:2)
3 creatures vanquished.

Grand Total: 340 creatures vanquished

Notes
Turn   | Place    | Note
-------+----------+-------------------------------------------
     0 | D:1      | LairdRich the Minotaur Berserker began the quest for the Orb.
     0 | D:1      | Reached XP level 1. HP: 19/19 MP: 0/0
    88 | D:1      | Reached XP level 2. HP: 26/27 MP: 1/1
    88 | D:1      | Reached skill level 4 in Axes
   597 | D:1      | Reached XP level 3. HP: 33/33 MP: 2/2
  1419 | D:2      | Reached ** piety under Trog
  1739 | D:2      | Reached XP level 4. HP: 37/40 MP: 3/3
  1959 | D:3      | Reached skill level 5 in Axes
  2009 | D:3      | Noticed Terence
  2047 | D:3      | Killed Terence
  2047 | D:3      | Reached XP level 5. HP: 47/47 MP: 4/4
  2850 | D:3      | Reached *** piety under Trog
  2991 | D:4      | Reached XP level 6. HP: 52/55 MP: 5/5
  3022 | D:4      | Noticed Blork the orc
  3022 | D:4      | Noticed Eustachio
  3179 | D:3      | Killed Blork the orc
  3179 | D:3      | Reached skill level 6 in Axes
  3209 | D:4      | Killed Eustachio
  3209 | D:4      | Reached skill level 5 in Fighting
  3233 | D:4      | Noticed kalagan's ghost (amateur DESu)
  3248 | D:4      | Killed kalagan's ghost
  3248 | D:4      | Reached XP level 7. HP: 61/61 MP: 6/6
  3332 | D:4      | Reached skill level 7 in Axes
  3521 | D:5      | Entered Level 5 of the Dungeon
  3707 | D:5      | Reached skill level 5 in Armour
  4043 | D:5      | Found a sacrificial altar of Ru.
  4043 | D:5      | Found a bloodstained altar of Trog.
  4083 | D:5      | Found a hazy altar of Hepliaklqana.
  4112 | D:5      | Found a glowing silver altar of Zin.
  4575 | D:5      | Found an ornate altar of the Wu Jian Council.
  4715 | D:6      | Reached skill level 8 in Axes
  4717 | D:6      | Reached skill level 5 in Dodging
  4717 | D:6      | Reached XP level 8. HP: 70/70 MP: 7/7
  4779 | D:6      | Noticed teukkam's ghost (novice TrMo)
  4795 | D:6      | Killed teukkam's ghost
  4795 | D:6      | Reached skill level 9 in Axes
  4892 | D:6      | Reached **** piety under Trog
  4992 | D:6      | Reached XP level 9. HP: 79/79 MP: 8/8
  5200 | D:6      | Found a staircase to the Ecumenical Temple.
  5211 | Temple   | Entered the Ecumenical Temple
  5537 | D:6      | Reached skill level 10 in Axes
  5811 | D:7      | Found Wask's Distillery.
  5817 | D:7      | Bought a potion of curing for 42 gold pieces
  6210 | D:7      | Reached skill level 11 in Axes
  6714 | D:7      | Found a sparkling altar of Nemelex Xobeh.
  6834 | D:7      | Reached XP level 10. HP: 90/90 MP: 9/9
  7474 | D:8      | Found a sand-covered staircase.
  7496 | D:8      | Found a shimmering altar of Xom.
  7560 | Ossuary  | Entered an ossuary
  7730 | Ossuary  | Reached ***** piety under Trog
  9142 | D:9      | Reached skill level 12 in Axes
  9550 | D:9      | Received a gift from Trog
  9967 | D:9      | Found an ancient bone altar of Kikubaaqudgha.
 10046 | D:9      | Noticed a two-headed ogre
 10057 | D:9      | Killed a two-headed ogre
 10564 | D:10     | Entered Level 10 of the Dungeon
 10569 | D:10     | Reached skill level 13 in Axes
 10569 | D:10     | Reached XP level 11. HP: 99/99 MP: 10/10
 10598 | D:10     | Found Kusomos's Antique Armour Emporium.
 10621 | D:10     | Bought a pair of steaming gloves for 285 gold pieces
 10621 | D:10     | Identified the +5 pair of gloves of Shadows and Fog {MP-9 Dex+7} (You bought it in a shop on level 10 of the Dungeon)
 10678 | D:10     | Found a staircase to the Lair.
 10713 | D:10     | Killed an unseen horror
 10758 | D:10     | Noticed Urug
 10796 | D:10     | Killed Urug
 10796 | D:10     | Reached skill level 10 in Fighting
 11148 | D:10     | Found a staircase to the Orcish Mines.
 11252 | Orc:1    | Entered Level 1 of the Orcish Mines
 11357 | Orc:1    | Noticed an orc knight
 11359 | Orc:1    | Noticed an orc knight
 11424 | Orc:1    | Noticed an orc knight
 11431 | D:10     | Killed an orc knight
 11755 | D:10     | Reached skill level 10 in Armour
 11757 | D:10     | Killed an orc knight
 11760 | D:10     | Killed an orc knight
 12668 | Orc:2    | Entered Level 2 of the Orcish Mines
 12715 | Orc:2    | Found a staircase to the Elven Halls.
 12871 | Orc:2    | Reached skill level 14 in Axes
 12962 | Orc:2    | Noticed a stone giant
 12990 | Orc:1    | Killed a stone giant
 13331 | Orc:2    | Noticed an orc knight
 13341 | Orc:2    | Killed an orc knight
 13468 | Orc:2    | Noticed an orc knight
 13495 | Orc:2    | Killed an orc knight
 13631 | Orc:2    | Noticed an orc sorcerer
 13633 | Orc:2    | Paralysed by an orc sorcerer for 2 turns
 13636 | Orc:2    | Killed an orc sorcerer
 13636 | Orc:2    | Received a gift from Trog
 13653 | Orc:2    | Noticed an orc knight
 13893 | Orc:2    | Killed an orc knight
 13893 | Orc:2    | Reached XP level 12. HP: 91/110 MP: 0/11
 14000 | Orc:2    | Noticed an orc high priest
 14004 | Orc:2    | Noticed an orc high priest
 14005 | Orc:2    | Reached skill level 10 in Dodging
 14008 | Orc:2    | Noticed an orc high priest
 14009 | Orc:2    | Killed an orc high priest
 14009 | Orc:2    | Gained mutation: Scrolls take you a little longer to read. [a neqoxec]
 14034 | Orc:2    | HP: 4/110 [soul eater/drain life[an orc sorcerer] (12)]
 14035 | Orc:2    | Killed from afar by an orc high priest

Skill      XL: |  1  2  3  4  5  6  7  8  9 10 11 12 |
---------------+-------------------------------------+-----
Axes           | 4 5 6 8 9 11 13 14 | 14.8
Fighting       | 4 5 6 7 8 9 11 | 11.1
Armour         | 3 4 5 6 8 9 10 | 10.9
Dodging        | 3 4 5 6 7 8 9 10 | 10.0

Action                   |  1- 3 |  4- 6 |  7- 9 | 10-12 || total
-------------------------+-------+-------+-------+-------++-------
Melee: Hand axe          |    72 |    52 |   140 |   385 ||   649
       Headbutt          |    10 |    13 |    41 |   128 ||   192
       War axe           |       |    45 |   118 |    71 ||   234
       Battleaxe         |       |       |       |    16 ||    16
       Broad axe         |       |       |       |     9 ||     9
 Fire: Arbalest          |       |       |       |    37 ||    37
Throw: Tomahawk          |       |       |     7 |     5 ||    12
Invok: Berserk           |       |     3 |     5 |    11 ||    19
       Burn Spellbooks   |       |     1 |       |     2 ||     3
  Use: Scroll            |       |     4 |    10 |     9 ||    23
       Potion            |       |       |       |     2 ||     2
  Eat: Chunk             |     2 |     7 |     6 |    18 ||    33
       Ration            |       |       |     3 |     5 ||     8
Armor: Chain mail        |    28 |    53 |    97 |   179 ||   357
       Plate armour      |       |       |       |    75 ||    75
Dodge: Dodged            |    42 |    51 |   124 |   251 ||   468
